 Dungeon Crawl Stone Soup version 0.28.0-53-g5a82cb258f (webtiles) character file.

Game seed: 16628241858543278443

53554 MisterFreud the Spry (level 14, -3/112 HPs)
             Began as a Felid Berserker on June 11, 2022.
             Was the Champion of Trog.
             Shot with an arrow by a centaur warrior (8 damage)
             ... on level 15 of the Dungeon.
             The game lasted 00:34:41 (21910 turns).

MisterFreud the Spry (Felid Berserker)             Turns: 21910, Time: 00:34:41

Health: -3/112     AC:  3    Str: 13    XL:     14   Next: 31%
Magic:  15/15      EV: 39    Int:  8    God:    Trog [******]
Gold:   1718       SH:  0    Dex: 27    Spells: 13/13 levels left
                                        Lives:  0   Deaths: 4

rFire   . . .      SeeInvis +     - Unarmed
rCold   + . .      Faith    .   (shield unavailable)
rNeg    . . .      Spirit   .   (armour unavailable)
rPois   .          Reflect  .   (helmet unavailable)
rElec   .          Harm     .   (cloak unavailable)
rCorr   .          Rampage  .   (gloves unavailable)
Will    ++...                   (boots unavailable)
Stlth   ..........              n - amulet of regeneration
HPRegen 1.08/turn               f - +6 ring of dexterity
MPRegen 0.14/turn               S - +4 ring of slaying

@: berserking, very quick
A: very small, claws 1, fangs 3, see invisible, speed 1, shaggy fur 3, stealthy
paws, no weapons or thrown items, no armour, multi-lived
a: Renounce Religion, Berserk, Trog's Hand, Brothers in Arms


You were on level 15 of the Dungeon.
You worshipped Trog.
Trog was exalted by your worship.
You visited 3 branches of the dungeon, and saw 22 of its levels.
You also visited: Sewer.

You collected 1754 gold pieces.
You spent 36 gold pieces at shops.

Inventory:

Jewellery
 a - a +4 ring of protection
 c - a ring of resist corrosion
 f - a +6 ring of dexterity (left paw)
 g - a +4 ring of evasion
 i - a ring of protection from cold
 n - an amulet of regeneration (around neck)
 p - an amulet of magic regeneration
 q - a +4 ring of protection
 t - a ring of fire
 u - an amulet of faith
 y - a +6 ring of intelligence
 I - a ring of flight
 L - an amulet of the acrobat
 P - a ring of ice
 R - a +6 ring of intelligence
 S - a +4 ring of slaying (right paw)
 V - the ring of Enygh {Contam rPois rF+ rC+}
   (You acquired it on level 6 of the Lair of Beasts)

   [ring of poison resistance]

   rF:        It protects you from fire.
   rC:        It protects you from cold.
   rPois:     It protects you from poison.
   Contam:    It causes magical contamination when unequipped.
 W - a +6 ring of strength
Wands
 k - a wand of flame (49)
 v - a wand of acid (8)
 B - a wand of charming (12)
 G - a wand of polymorph (7)
 J - a wand of paralysis (5)
 O - a wand of iceblast (21)
Scrolls
 b - 5 scrolls of magic mapping
 j - 2 scrolls of silence
 o - 6 scrolls of teleportation
 z - a scroll of fear
 D - 2 scrolls of holy word
 H - 3 scrolls of immolation
 K - 6 scrolls of fog
 U - a scroll of blinking
 Y - 3 scrolls of identify
 Z - a scroll of torment {unknown}
Potions
 d - 5 potions of mutation
 e - 3 potions of magic
 h - 2 potions of brilliance
 l - 7 potions of haste
 m - 9 potions of heal wounds
 r - 6 potions of lignification
 s - 11 potions of attraction
 w - 7 potions of curing
 x - a potion of invisibility
 A - 2 potions of berserk rage
 C - 2 potions of cancellation
 E - a potion of degeneration
 F - 5 potions of flight
 M - 3 potions of ambrosia
 N - a potion of resistance
Miscellaneous
 Q - a phial of floods
 T - a piece from Xom's chessboard (15/15)
 X - a box of beasts


   Skills:
 + Level 16.7 Fighting
 - Level 18.0 Dodging
 - Level 10.0 Stealth
 - Level 15.0 Unarmed Combat
 - Level 10.0 Evocations


You had 13 spell levels left.
You didn't know any spells.
Your spell library was empty.

Dungeon Overview and Level Annotations

Branches:
Dungeon (15/15)            Temple (0/1) D:6            Lair (6/6) D:11
  Swamp (0/4) Lair:3       Spider (1/4) Lair:4        Slime (0/5) Lair:6
    Orc (0/2) D:10         Vaults (0/5) D:13         Depths (0/4) D:15
  Sewer (visited)

Altars:
Ashenzari
Cheibriados
Nemelex Xobeh
Okawaru
Sif Muna
Trog
Uskayaw
Xom
Zin

Shops:
D:6 *   D:15 :


Innate Abilities, Weirdness & Mutations

You have sharp claws.
You have razor-sharp teeth.
You have supernaturally acute eyesight. (SInv)
You cover ground quickly. (Speed+)
Your thick and shaggy fur keeps you warm. (AC +3, rC+)
Your paws help you pounce on unaware monsters.
You are incapable of wielding weapons or throwing items.
You cannot wear armour.
You gain extra lives every three experience levels.


Message History

A meliai comes into view. It is wielding a +0 war axe.
The meliai moves out of view.
The meliai buzzes angrily.
Unknown command.
The meliai completely misses you. x2
A red film seems to cover your vision as you go berserk!
You feel yourself moving faster!
You feel mighty!
The meliai mumbles some strange prayers to its god against you.
Something smites you! The meliai misses you.
The meliai completely misses you. x3
The meliai hits you with a +0 war axe. The meliai barely misses you.
The meliai completely misses you. The meliai stings you!
You scratch the meliai but do no damage.
The meliai completely misses you. x2; The meliai closely misses you. x2
Unknown command.
You closely miss the meliai. Your bite misses the meliai.
The meliai barely misses you. The meliai completely misses you.
The centaur warrior shoots an arrow.
The arrow hits you!!
You eviscerate the meliai!!!
You kill the meliai!
Trog accepts your kill. The meliai hits you with a +0 war axe!
* * * LOW HITPOINT WARNING * * *
The meliai completely misses you. The meliai hits you with a +0 hand axe.
* * * LOW HITPOINT WARNING * * *
The meliai completely misses you.
The centaur warrior shoots an arrow.
The arrow completely misses you.
Unknown command.
You mangle the meliai!!
You kill the meliai!
Trog accepts your kill. The meliai completely misses you. x2
You mangle the meliai!!
You kill the meliai!
Trog accepts your kill.
The centaur warrior shoots an arrow.
The arrow hits you!
* * * LOW HITPOINT WARNING * * *
A hornet comes into view.
The hornet buzzes angrily.
The centaur warrior shoots an arrow.
The arrow hits you!
You die...

.......# .<.[..####
?......# ..........
..###..# ###+.#.♣.♣.#
..###..# #..........
.......###+##....♣.♣.♣.
...................._..
.........##......♣)♣.♣.♣.
....##...##.......)......
....##...##.....@#)♣.♣.#.
....##...##...........y.
....##...##.....c.......
....##..........^......#
.........................
###### #################


You could see a centaur warrior and a hornet.

Vanquished Creatures
  Rupert (D:13)
  Nessos (D:13)
  Azrael (D:13)
  8 vault guards (D:13)
  4 boulder beetles
  10 hydras
  2 centaur warriors
  4 two-headed ogres
  2 catoblepae (Lair:6)
  An alligator (Lair:6)
  2 tengu warriors
  11 death yaks
  A titan zombie (D:15)
  Sonja (Lair:1)
  2 skeletal warriors (D:15)
  A phantasmal warrior (D:15)
  A sphinx zombie (D:15)
  A necromancer (D:15)
  2 ugly things
  A tengu skeleton (D:15)
  3 manticores
  5 cyclopes
  A fire giant zombie (D:15)
  20 elephants
  5 black mambas
  2 torpor snails (Lair:6)
  A rime drake (Lair:2)
  11 cane toads
  3 komodo dragons
  An unseen horror (D:10)
  A yaktaur (shapeshifter) (D:14)
  2 tengu conjurers
  2 hornets (Lair:6)
  4 trolls
  4 meliai
  8 polar bears
  A troll (shapeshifter) (D:14)
  Grinder (D:5)
  15 slime creatures
  16 blink frogs
  3 dream sheep (Lair:6)
  12 spriggans (Lair:6)
  5 wyverns
  57 yaks
  A wraith (D:9)
  6 fire elementals (D:13)
  A steam dragon (Lair:5)
  A human (D:10)
  13 vampire mosquitoes
  3 basilisks
  3 redbacks (Lair:4)
  2 wargs (D:10)
  An acid dragon (D:8)
  12 water moccasins
  5 orc warriors
  9 black bears
  4 ice beasts
  26 wolves
  4 ogres
  2 necrophages
  4 boggarts (Lair:6)
  5 centaurs
  A phantom (D:4)
  5 kobold brigands
  13 bullfrogs
  4 gnoll sergeants
  4 scorpions
  11 killer bees
  8 wights
  10 electric eels
  4 howler monkeys
  2 lava snakes (Lair:5)
  3 centaur zombies
  A gnoll shaman (D:8)
  3 jellies
  A centaur skeleton (D:6)
  9 orc priests
  5 hounds
  2 iguanas (D:5)
  16 orc wizards
  A killer bee zombie (D:8)
  A howler monkey zombie (D:9)
  15 gnolls
  3 river rats (Sewer)
  15 adders
  A shadow imp (D:7)
  2 white imps
  4 worms
  4 dart slugs
  36 orcs
  7 ball pythons
  8 endoplasms
  7 giant cockroaches
  13 goblins
  4 hobgoblins
  3 jackals
  18 kobolds
  5 quokkas
  3 bats
  6 frilled lizards
  10 rats
610 creatures vanquished.

Vanquished Creatures (collateral kills)
  A two-headed ogre (D:11)
  3 death yaks (Lair:3)
  2 wyverns (D:11)
  3 yaks (D:11)
  3 water moccasins (D:11)
  A bullfrog (Lair:3)
  A scorpion (D:11)
14 creatures vanquished.

Vanquished Creatures (others)
  20 fungi
  40 plants
  2 withered plants (D:15)
62 creatures vanquished.

Grand Total: 686 creatures vanquished

Notes
Turn   | Place    | Note
-------+----------+-------------------------------------------
     0 | D:1      | MisterFreud the Felid Berserker began the quest for the
                  | Orb.
     0 | D:1      | Reached XP level 1. HP: 10/10 MP: 2/2
    73 | D:1      | Reached skill level 1 in Stealth
   191 | D:1      | Reached XP level 2. HP: 14/14 MP: 3/3
   697 | D:1      | Reached XP level 3. HP: 14/17 MP: 4/4
   932 | D:1      | Reached ** piety under Trog
  1800 | D:2      | Reached XP level 4. HP: 6/21 MP: 5/5
  2431 | D:3      | Found a bloodstained altar of Trog.
  2601 | D:3      | Reached *** piety under Trog
  2718 | D:3      | Found a faded altar of an unknown god.
  2986 | D:4      | Noticed a phantom
  2994 | D:4      | Killed a phantom
  2995 | D:4      | Reached skill level 5 in Stealth
  2995 | D:4      | Reached XP level 5. HP: 24/24 MP: 6/6
  3007 | D:4      | Found a glowing drain.
  3378 | D:4      | Reached skill level 5 in Unarmed Combat
  3384 | Sewer    | Entered a sewer
  3409 | Sewer    | Gained mutation: You are covered in thick fur. (AC +2)
                  | [Felid growth]
  3409 | Sewer    | Reached XP level 6. HP: 20/28 MP: 7/7
  4140 | D:5      | Entered Level 5 of the Dungeon
  4152 | D:5      | Noticed an ice beast
  4159 | D:5      | Killed an ice beast
  4160 | D:5      | Reached skill level 5 in Dodging
  4162 | D:5      | Reached skill level 6 in Dodging
  4162 | D:5      | Reached XP level 7. HP: 31/31 MP: 8/8
  4277 | D:5      | Reached skill level 7 in Dodging
  4593 | D:5      | Identified the +5 short sword of Rotation {chaos, rN+ Str+2
                  | Int+3}
  4728 | D:5      | Found a large runed translucent door.
  4728 | D:5      | Found a large runed translucent door.
  4729 | D:5      | Found a shimmering altar of Xom.
  4753 | D:5      | Noticed Grinder
  4775 | D:5      | Reached skill level 8 in Dodging
  4836 | D:5      | Killed Grinder
  4837 | D:5      | Reached skill level 9 in Dodging
  4837 | D:5      | Reached XP level 8. HP: 34/34 MP: 9/9
  5060 | D:5      | Identified the +1 whip of the Lost Thickets {drain, Str+5
                  | Dex-2}
  5113 | D:5      | Reached skill level 10 in Dodging
  5155 | D:5      | Reached skill level 1 in Evocations
  5637 | D:5      | Succumbed to a kobold brigand's curare-tipped dart
  5638 | D:5      | Reached XP level 7. HP: -1/33 MP: 8/8
  6008 | D:6      | Reached skill level 5 in Fighting
  6017 | D:6      | Killed from afar by an orc priest
  6018 | D:6      | Reached XP level 6. HP: 0/30 MP: 7/7
  6029 | D:6      | Reached XP level 7. HP: 33/33 MP: 8/8
  6048 | D:6      | Found a broken altar of Ashenzari.
  6151 | D:6      | Found a staircase to the Ecumenical Temple.
  6409 | D:6      | Reached XP level 8. HP: 38/38 MP: 9/9
  6412 | D:6      | Reached skill level 11 in Dodging
  6412 | D:6      | Reached **** piety under Trog
  6442 | D:6      | Found Donwal's General Store.
  6462 | D:6      | Bought a scroll of teleportation for 36 gold pieces
  6756 | D:7      | Reached skill level 12 in Dodging
  6959 | D:7      | HP: 1/33 [wight/+4 spear (3)]
  7094 | D:7      | Reached skill level 13 in Dodging
  7548 | D:7      | Reached XP level 9. HP: 41/41 MP: 10/10
  7825 | D:8      | Reached skill level 14 in Dodging
  7950 | D:8      | Found a hide-covered altar of Uskayaw.
  8054 | D:8      | HP: 1/41 [orc priest/divine providence (13)]
  8161 | D:8      | Found a sparkling altar of Nemelex Xobeh.
  8183 | D:8      | Found a shimmering blue altar of Sif Muna.
  8296 | D:8      | Reached skill level 15 in Dodging
  8783 | D:8      | Found a glowing silver altar of Zin.
  9091 | D:9      | Reached XP level 10. HP: 46/46 MP: 11/11
  9336 | D:9      | HP: 2/46 [orc warrior/+0 dire flail (20)]
  9701 | D:9      | Reached ***** piety under Trog
  9965 | D:10     | Entered Level 10 of the Dungeon
 10120 | D:10     | Found a staircase to the Orcish Mines.
 10151 | D:10     | Identified the +4 scale mail of the Orb {rElec rC++ Regen+
                  | Int-4}
 10163 | D:10     | You fall into a shaft and drop 1 floor!
 10163 | D:11     | Noticed a two-headed ogre
 10171 | D:11     | Killed a two-headed ogre
 10867 | D:11     | Found a snail-covered altar of Cheibriados.
 11016 | D:11     | Noticed a manticore
 11030 | D:11     | Killed a manticore
 11100 | D:11     | Noticed a five-headed hydra
 11102 | D:11     | Killed a five-headed hydra
 11103 | D:11     | Reached skill level 10 in Stealth
 11103 | D:11     | Reached XP level 11. HP: 51/51 MP: 12/12
 11104 | D:11     | Noticed a two-headed ogre
 11107 | D:11     | Found a staircase to the Lair.
 11151 | D:11     | Killed a two-headed ogre
 11217 | D:11     | Noticed a two-headed ogre
 11226 | D:11     | Killed a two-headed ogre
 11378 | D:11     | Noticed a boulder beetle
 11395 | D:11     | Killed a boulder beetle
 11635 | Lair:1   | Entered Level 1 of the Lair of Beasts
 11660 | Lair:1   | Noticed a five-headed hydra
 11686 | Lair:1   | Killed a five-headed hydra
 11687 | Lair:1   | Reached skill level 10 in Fighting
 11687 | Lair:1   | Reached skill level 10 in Unarmed Combat
 11877 | Lair:1   | Noticed Sonja
 11904 | Lair:1   | Killed Sonja
 11905 | Lair:1   | Reached skill level 5 in Evocations
 12187 | Lair:1   | Gained mutation: Your thick and shaggy fur keeps you warm.
                  | (AC +3, rC+) [Felid growth]
 12187 | Lair:1   | Reached XP level 12. HP: 58/58 MP: 13/13
 12695 | Lair:2   | Reached skill level 16 in Dodging
 13564 | Lair:3   | Noticed a death yak
 13565 | Lair:3   | Found a staircase to the Swamp.
 13565 | Lair:3   | Noticed a death yak
 13565 | Lair:3   | Noticed a death yak
 13897 | Lair:3   | Noticed a death yak
 13899 | Lair:3   | Noticed a death yak
 13916 | Lair:3   | Killed a death yak
 13921 | Lair:3   | Killed a death yak
 13925 | Lair:3   | Killed a death yak
 13927 | Lair:3   | Killed a death yak
 13928 | Lair:3   | Reached skill level 17 in Dodging
 13930 | Lair:3   | Noticed a five-headed hydra
 13930 | Lair:3   | Killed a death yak
 14372 | Lair:4   | Reached XP level 13. HP: 56/61 MP: 14/14
 15036 | Lair:4   | Found a hole to the Spider Nest.
 15290 | Spider:1 | Entered Level 1 of the Spider Nest
 15428 | Lair:5   | Reached ****** piety under Trog
 15438 | Lair:5   | Reached skill level 18 in Dodging
 15475 | Lair:5   | Reached skill level 10 in Evocations
 16297 | Lair:6   | Entered Level 6 of the Lair of Beasts
 16314 | Lair:6   | Found a snail-covered altar of Cheibriados.
 16381 | Lair:6   | Found a staircase to the Slime Pits.
 16612 | Lair:6   | Reached XP level 14. HP: 66/66 MP: 15/15
 16778 | Lair:6   | Reached skill level 15 in Unarmed Combat
 17382 | Lair:6   | Identified a scroll of acquirement
 17382 | Lair:6   | Acquired the ring of Enygh {Contam rPois rF+ rC+}
 17588 | Lair:6   | HP: 1/68 [yak (10)]
 17589 | Lair:6   | Killed from afar by a catoblepas
 17590 | Lair:6   | Reached XP level 13. HP: -1/64 MP: 14/14
 17751 | Lair:6   | Slain by a death yak
 17752 | Lair:6   | Reached XP level 12. HP: -2/91 MP: 13/13
 17851 | Lair:6   | Killed a death yak
 18173 | D:12     | Noticed a two-headed ogre
 18182 | D:12     | Killed a two-headed ogre
 18267 | D:12     | Noticed a six-headed hydra
 18274 | D:12     | Killed a six-headed hydra
 18830 | D:12     | Noticed a death yak
 18831 | D:12     | Noticed a death yak
 18843 | D:12     | Noticed a death yak
 18848 | D:12     | Killed a death yak
 18849 | D:12     | Reached XP level 13. HP: 66/66 MP: 14/14
 19444 | D:13     | Noticed Rupert
 19455 | D:13     | Killed Rupert
 19517 | D:13     | Reached skill level 15 in Fighting
 19773 | D:13     | Noticed Nessos
 19796 | D:13     | Killed Nessos
 19821 | D:13     | Noticed Azrael
 19959 | D:13     | Found a gate to the Vaults.
 19977 | D:13     | Killed Azrael
 20429 | D:14     | Reached XP level 14. HP: 74/74 MP: 15/15
 21341 | D:15     | Entered Level 15 of the Dungeon
 21356 | D:15     | Found a staircase to the Depths.
 21462 | D:15     | Found Pussocw's Book Boutique.
 21834 | D:15     | Noticed an angel
 21835 | D:15     | Found a glowing silver altar of Zin.
 21899 | D:15     | Found an iron altar of Okawaru.
 21909 | D:15     | HP: 5/112 [centaur warrior/arrow (13)]
 21910 | D:15     | Shot with an arrow by a centaur warrior

Illustrated notes

Levels and vault maps discovered:
D:1:      minmay_arrival_nine_rooms, layout_basic
D:2:      minmay_razor_zed, layout_basic, minmay_misc_feat_square,
          grunt_ministairs_6, guppyfry_early_lair_pool
D:3:      layout_basic, mainiacjoe_overflow_cross_hatched,
          basic_ecumenical_altar
D:4:      layout_rooms, gup_sewer_entry_glass
D:5:      due_chaos_kobolds, layout_basic, roderic_lattice_a,
          grunt_ministairs_3, uniq_grinder
D:6:      layout_gridville, nicolae_ashenzari_panopticon, temple_statues,
          serial_shops, nicolae_lakefront_shop, kennysheep_cross_bottleneck
D:7:      layout_layer_cave
D:8:      layout_cave_pools, nicolae_overflow_hidden_temple,
          nemelex_spade_bored_becter, serial_gnoll_camp, gnoll_camp_mini_hut,
          gnoll_camp_mini_hut, gnoll_camp_mini_house, gnoll_camp_mini_basic,
          minmay_circle_x
D:9:      layout_long_grid
D:10:     layout_rooms, erik_orc_4, serial_corexii_hall, corexii_hall_statues_i,
          chequers_hall_statues_corner_a, corexii_hall_statues_l,
          chequers_hall_statues_corner_a
D:11:     layout_loops_cross, minmay_lair_entry_grove, kennysheep_slug_shrine
D:12:     argonaut_augean_stables, layout_basic
D:13:     layout_cave_pools, erik_vaults_2, item_on_display_a, uniq_nessos,
          uniq_rupert, uniq_azrael
D:14:     layout_loops_corners, minmay_staircase_bubble
D:15:     gammafunk_depths_entry_grave, layout_stronghold, okawaru_trees_1,
          serial_shops, nicolae_shop_hallway_plus, zin_angel
Lair:1:   layout_long_grid, uniq_sonja
Lair:2:   layout_chaotic_city, serial_bayou_pond_c, minivault_11
Lair:3:   beast_lair_carwin_large_3, layout_chaotic_city,
          minmay_swamp_entry_swarm, minmay_stone_trees_small, lemuel_fruit_tree
Lair:4:   layout_regular_city, spider_nest_entry_a
Lair:5:   layout_hall_layers, nicolae_lair_liquid_snakes
Lair:6:   minmay_lair_end_enchanted_forest, layout_gridlike, slime_dummy,
          kennysheep_snail_temple
Spider:1: layout_chambers, uniq_asterion, uniq_louise, uniq_jorgrun

Skill      XL: |  1  2  3  4  5  6  7  8  9 10 11 12 13 14 |
---------------+-------------------------------------------+-----
Stealth        | 1 2 3 5 6 7 10 | 10.0
Unarmed Combat | 4 5 6 8 10 12 14 15 | 15.0
Dodging        | 6 9 13 15 17 18 | 18.0
Evocations     | 4 3 5 8 10 | 10.0
Fighting       | 6 4 8 10 13 15 16 | 16.7

Action                   |  1- 3 |  4- 6 |  7- 9 | 10-12 | 13-15 || total
-------------------------+-------+-------+-------+-------+-------++-------
Melee: Unarmed           |   119 |   174 |   537 |   749 |   956 ||  2535
       Bite              |    10 |    13 |    89 |   108 |   187 ||   407
       Punch             |     1 |     6 |    15 |    71 |   117 ||   210
Invok: Berserk           |     3 |     1 |    16 |    11 |    15 ||    46
       Trog's Hand       |       |       |     1 |       |       ||     1
       Brothers in Arms  |       |       |       |     2 |       ||     2
Evoke: Wand              |       |       |     3 |     5 |     7 ||    15
       Phial of floods   |       |       |       |       |     1 ||     1
       Piece from Xom's  |       |       |       |       |     1 ||     1
  Use: Scroll            |       |     7 |     4 |     9 |    11 ||    31
       Potion            |       |     3 |     2 |       |       ||     5
 Stab: Sleeping          |    13 |    12 |    14 |    29 |    26 ||    94
       Distracted        |       |       |     3 |     1 |     2 ||     6
       Petrified         |       |       |       |       |     1 ||     1
Armor: Skin              |    14 |    10 |    42 |    27 |    31 ||   124
Dodge: Dodged            |    79 |   125 |   571 |   884 |  1187 ||  2846
